 Dungeon Crawl Stone Soup version 0.29.1-12-g30fa7ad0bf (webtiles) character file.

Game seed: 12756039916333927201

315 EarthwalkerPL the Trooper (level 6, -2/56 HPs)
             Began as a Minotaur Fighter on Jan 6, 2023.
             Killed from afar by Edmund (5 damage)
             ... with a puff of flame
             ... on level 4 of the Dungeon.
             The game lasted 00:04:01 (2666 turns).

EarthwalkerPL the Trooper (Minotaur Fighter)        Turns: 2666, Time: 00:04:02

Health: -2/56      AC: 10    Str: 22    XL:     6   Next: 20%
Magic:  5/5        EV:  7    Int:  5    God:
Gold:   240        SH:  4    Dex: 10    Spells: 5/5 levels left

rFire   + . .      SeeInvis .   a - +0 war axe
rCold   . . .      Faith    .   c - +0 buckler
rNeg    . . .      Spirit   .   e - +1 chain mail {rF+}
rPois   .          Reflect  .   (helmet restricted)
rElec   .          Harm     .   (no cloak)
rCorr   .          Rampage  .   (no gloves)
Will    .....                   (no boots)
Stlth   ..........              (no amulet)
HPRegen 0.18/turn               (no ring)
MPRegen 0.09/turn               (no ring)

@: no status effects
A: horns 2, retaliatory headbutt
a: no special abilities


You were on level 4 of the Dungeon.
You visited 1 branch of the dungeon, and saw 4 of its levels.

You collected 240 gold pieces.

Inventory:

Hand Weapons
 a - a +0 war axe (weapon)
Missiles
 k - 2 atropa-tipped darts (quivered)
 n - 2 javelins
 o - 2 poisoned darts
Armour
 b - a +0 scale mail
 c - a +0 buckler (worn)
 e - a +1 chain mail of fire resistance (worn)
Jewellery
 l - a ring of ice
Scrolls
 g - a scroll of fear {unknown}
 h - 3 scrolls of identify {unknown}
 j - a scroll of amnesia {unknown}
Potions
 d - 2 potions of might
 f - 2 potions of magic {unknown}
 i - a potion of invisibility {unknown}
 m - a potion of heal wounds {unknown}


   Skills:
 * Level 5.4 Fighting
 * Level 4.7 Axes
 * Level 5.4 Armour
 + Level 4.5 Shields


You had 5 spell levels left.
You didn't know any spells.
Your spell library was empty.

Dungeon Overview and Level Annotations

Branches:
Dungeon (4/15)
 Temple: D:4-7

Altars:

Annotations:
D:4 Edmund


Innate Abilities, Weirdness & Mutations

You have a pair of horns on your head.
You reflexively headbutt those who attack you in melee.


Message History

Edmund says, "I might not be good at magic, but I can still kill you!"
Edmund zaps a wand.
The puff of flame hits you but does no damage.
You see here a scorpion corpse.
You see here a +0 short sword.
You start waiting.
Edmund is nearby!
You slash Edmund!
Edmund is moderately wounded.
Edmund hits you with a +2 dire flail of holy wrath.
You closely miss Edmund.
Edmund is moderately wounded.
Edmund drinks a potion.
Edmund seems to grow stronger.
Edmund zaps a wand.
The puff of flame misses you.
You hit Edmund.
Edmund is moderately wounded.
Edmund hits you but does no damage.
You hit Edmund but do no damage.
Edmund is moderately wounded.
Edmund zaps a wand.
The puff of flame hits you. You resist.
You barely miss Edmund. Your headbutt misses Edmund.
Edmund is moderately wounded.
Edmund hits you with a +2 dire flail of holy wrath! x2
You closely miss Edmund.
Edmund is moderately wounded.
Edmund hits you with a +2 dire flail of holy wrath!
You slash Edmund! You headbutt Edmund, but do no damage.
Edmund is heavily wounded.
Edmund zaps a wand.
The puff of flame hits you but does no damage.
You resist.
You slash Edmund! You headbutt Edmund.
Edmund is almost dead.
Edmund hits you with a +2 dire flail of holy wrath!
* * * LOW HITPOINT WARNING * * *
You hit Edmund but do no damage.
Edmund is almost dead.
You block Edmund's attack.
Edmund zaps a wand.
The puff of flame hits you. You resist.
You die...

#.....## #......#
##....>. #.....###
#......# ##..)....
#.......#
#......###...)....
#.....#.#
#......).....))...
#######.#
#.<....)#.#......^
#.##
#.................
#..##
###......#####......
##..###.@......#
##.....
##..##.#@.....#
###.##
####....######## #.#
#......## # #
#..####.# #. #.# #
#.. ##.. #.. ##.


You could see Edmund (strong).

Vanquished Creatures
  A scorpion (D:4)
  2 orc priests (D:4)
  Natasha (D:2)
  An orc wizard (D:4)
  Robin (D:2)
  3 gnolls (D:2)
  An adder (D:2)
  2 worms
  A dart slug (D:2)
  10 orcs (D:4)
  9 bats
  4 endoplasms
  3 giant cockroaches (D:2)
  8 goblins
  8 hobgoblins
  2 jackals (D:1)
  7 kobolds
  3 quokkas
  7 ball pythons
  2 frilled lizards (D:1)
  4 rats
80 creatures vanquished.

Notes
Turn   | Place    | Note
-------+----------+-------------------------------------------
     0 | D:1      | EarthwalkerPL the Minotaur Fighter began the quest for the
                  | Orb.
     0 | D:1      | Reached XP level 1. HP: 19/19 MP: 0/0
   118 | D:1      | Found a faded altar of an unknown god.
   215 | D:1      | Reached XP level 2. HP: 27/27 MP: 1/1
   526 | D:1      | Reached XP level 3. HP: 33/33 MP: 2/2
   780 | D:2      | Noticed Robin
   786 | D:2      | Killed Robin
  1165 | D:2      | Noticed Natasha
  1174 | D:2      | Killed Natasha
  1175 | D:2      | Reached XP level 4. HP: 21/41 MP: 3/3
  1650 | D:2      | Reached XP level 5. HP: 47/47 MP: 4/4
  2174 | D:3      | You fall into a shaft and drop 1 floor!
  2205 | D:4      | Reached skill level 5 in Fighting
  2368 | D:4      | Reached skill level 5 in Armour
  2609 | D:4      | Reached XP level 6. HP: 55/56 MP: 5/5
  2618 | D:4      | Noticed Edmund
  2666 | D:4      | Killed from afar by Edmund

Illustrated notes

Levels and vault maps discovered:
D:1:      amcnicky_arrival_abandoned_market, layout_rooms,
          basic_ecumenical_altar
D:2:      layout_loops_corners, uniq_natasha, uniq_robin
D:3:      layout_basic, minmay_quantized
D:4:      layout_rooms, uniq_edmund

Skill      XL: |  1  2  3  4  5 |
---------------+----------------+-----
Axes           | 3 4 |  4.7
Armour         | 4 5 |  5.4
Fighting       | 4 5 |  5.4
Shields        | 4 |  4.5

Action                   |  1- 3 |  4- 6 || total
-------------------------+-------+-------++-------
Melee: War axe           |    93 |    87 ||   180
       Headbutt          |    13 |    20 ||    33
Armor: Chain mail        |    68 |    63 ||   131
       Scale mail        |     3 |       ||     3
Dodge: Dodged            |    34 |    32 ||    66
Block: Buckler           |    19 |    15 ||    34
